cohdb
Replays
Latest Replays
All Replays
Popular Replays
Top Player Replays
Match Explorer
How It Works
Community
CoH3 Stats
Reddit
Sign in to upload your games and track your stats! →
Sign in with Steam
Match 43377530
Unlisted
Match 43377530
Overview
Messages
Build Orders
End
Vickers Machine Gun Team
Construct Section Command Post
Dingo Light Scout Car
ML 3-inch Mortar Team
Infantry Section
Infantry Section
Selects Indian Artillery Battlegroup
Selects Artillery Saturation
Grenade Package
Construct Platoon Command Post
6-pounder Anti-tank Gun Team
Selects War Cry
CMP 15cwt Truck
Selects Gurkha Rifles Section
Gurkha Rifles Section
Royal Engineer Section
Gurkha Rifles Section
Selects Pillage
Gurkha Rifles Section
Selects Off-map Airburst Barrage
Construct Company Command Post
Unlock M3 Grant Medium Tanks
M3 Grant Medium Tank
Selects BL5.5 Artillery Emplacement
M3 Grant Medium Tank
Infantry Training
Pascha28
Nester
Colonel Phreeze
Zimson
Zerg6412
PKKA
simranjitsingh713
2908027075
0
0
Comments
sign in to comment!
No comments posted yet!